 Dungeon Crawl Stone Soup version 0.22-a0-305-gd21a89c (webtiles) character file.

34 aspa the Magician (level 3, 0/21 HPs)
             Began as an Octopode Wizard on Mar 29, 2018.
             Succumbed to an adder's poison
             ... on level 2 of the Dungeon.
             The game lasted 00:02:24 (1083 turns).

aspa the Magician (Octopode Wizard)                 Turns: 1083, Time: 00:02:25

Health: 0/21       AC:  1    Str: 11    XL:     3   Next: 31%
Magic:  0/8        EV: 13    Int: 21    God:
Gold:   66         SH:  0    Dex: 10    Spells: 3/9 levels left

rFire    . . .     SeeInvis .   b - +1 dagger (drain)
rCold    . . .     Gourm    .   (no shield)
rNeg     . . .     Faith    .   l - +0 hat
rPois    .         Spirit   .   (no amulet)
rElec    .         Reflect  .   (no ring)
rCorr    .         Harm     .   (no ring)
MR       .....                  (no ring)
Stlth    +++.......             (no ring)
HPRegen  0.07/turn              (no ring)
MPRegen  0.11/turn              (no ring)
                                (no ring)
                                (no ring)

@: mighty, lethally poisoned (0 -> -4), berserk cooldown, slowed, very slow
A: almost no armour, stealthy swim, amphibious, 8 rings, constrict 8, camouflage
1, gelatinous body 1
a: no special abilities


You were on level 2 of the Dungeon.
You were not hungry.

You visited 1 branch of the dungeon, and saw 3 of its levels.

You collected 66 gold pieces.

Inventory:

Hand Weapons
 a - a +1 short sword of speed
 b - a +1 dagger of draining (weapon)
Armour
 l - a +0 hat (worn)
Jewellery
 i - an uncursed ring of stealth {unknown}
Scrolls
 g - a scroll of magic mapping {unknown}
 h - a scroll of blinking {unknown}
 j - a scroll of teleportation {unknown}
 k - a scroll of identify {unknown}
Potions
 f - a potion of curing {unknown}
Comestibles
 c - 4 rations
 d - a chunk of flesh


   Skills:
 - Level 2.0 Dodging
 - Level 2.6 Stealth
 + Level 3.8 Spellcasting
 * Level 1.7 Conjurations
 - Level 1.0 Summonings
   Level 1.0 Translocations


You had 3 spell levels left.
You knew the following spells:

 Your Spells              Type           Power        Failure   Level  Hunger
a - Magic Dart            Conj           ##..         6%          1    None
b - Call Imp              Summ           #.......     12%         2    #......
c - Mephitic Cloud        Conj/Pois/Air  #.......     28%         3    ###....


Dungeon Overview and Level Annotations

Branches:
Dungeon (3/15)

Altars:


Innate Abilities, Weirdness & Mutations

You cannot wear most types of armour.
You are very stealthy in the water. (Stealth+)
You are amphibious.
You can wear up to eight rings at the same time.
You can use your tentacles to constrict eight enemies at once.
Your skin changes colour to match your surroundings (Stealth+).
Your rubbery body absorbs attacks. (AC +1, EV +1)


Message History

You are too berserk!
You miss the adder. Your grab misses the adder.
The adder is heavily wounded.
Your iron imp barely misses the adder.
The adder barely misses you.
You hit the adder. You drain the adder!
You kill the adder!
* * * LOW HITPOINT WARNING * * *
You feel sick.
You are too berserk!
You are too berserk!
You see here an adder corpse.
You butcher the adder corpse.
You feel a strong urge to attack something.
You see here a chunk of flesh.
d - a chunk of flesh You are too berserk!
You feel your anger nearly subside.
You are no longer berserk.
You are exhausted.
You feel yourself slow down.
You die...

#. #. #. #. ###. ####
######### ... ..#
#.......# #.#####.#
#.#####.#
#.<.....#######.#####.#
#..#....5@.......†.##.##
#..#.##.#######.##.....#
#....>#.# #.#####..#
#....)..# #........#
##....#.# ########.#
#....(.# #.# ##...###
#.# #..†# #.# #...#
###.#


You could see a friendly iron imp.

Vanquished Creatures
  An adder (D:2)
  A bat (D:1)
  2 giant cockroaches (D:1)
  5 goblins
  2 hobgoblins (D:1)
  2 jackals (D:2)
  3 kobolds
  A ball python (D:1)
  A frilled lizard (D:1)
  3 rats (D:1)
21 creatures vanquished.

Vanquished Creatures (collateral kills)
  A jackal (D:2)
1 creature vanquished.

Grand Total: 22 creatures vanquished

Notes
Turn   | Place    | Note
-------+----------+-------------------------------------------
     0 | D:1      | aspa the Octopode Wizard began the quest for the Orb.
     0 | D:1      | Reached XP level 1. HP: 11/11 MP: 4/4
   186 | D:1      | Reached XP level 2. HP: 17/17 MP: 1/6
   190 | D:1      | Learned a level 2 spell: Call Imp
  1055 | D:2      | Reached XP level 3. HP: 21/21 MP: 1/8
  1060 | D:2      | Learned a level 3 spell: Mephitic Cloud
  1079 | D:2      | HP: 1/31 [poisoned by an adder]
  1083 | D:2      | Succumbed to an adder's poison

Vault maps used:
D:1:      lightli_arrival_lavapool
D:3:      first_ration

Action                   || total
-------------------------++-------
Melee: Unarmed           ||     1
       Dagger            ||    11
 Cast: Magic Dart        ||    46
       Call Imp          ||     1
  Use: Potion            ||     2
Armor: Skin              ||     1
Dodge: Dodged            ||    18

Table legend:
 A = Spawn XP
 B = Non-spawn XP
 C = Spawn XP percentage of total XP
 D = Spawn monster count
 E = Non-spawn monster count
 F = Spawn count percentage of total count
 G = Total turns spent on level
                    A         B        C        D         E        F      G
               +---------+---------+-------+---------+---------+-------+---------
         Total |       0 |      49 |   0.0 |       0 |      22 |   0.0 |  1083
               +---------+---------+-------+---------+---------+-------+---------
           D:1 |       0 |      24 |   0.0 |       0 |      15 |   0.0 |   932
           D:2 |       0 |      25 |   0.0 |       0 |       7 |   0.0 |   147
               +---------+---------+-------+---------+---------+-------+---------
